AoeStats
← 老鼠踢皮球

Nomad

506375934Analyzed
3v3 RM · 20d ago on Sep 13, 2026· 52m 50s· 6 players
Game mode
Random Map
Map size
210×210
Population
200
Speed
Normal
Resources
Standard
Victory
Conquest
Starting age
Dark Age
Ending age
Imperial Age
RankedLock teamsTeams togetherTeam positionsShared explorationLock speedFull tech treeHidden civsTurbo modeCheats
Victory
Defeat
🇹🇼 Jurchens · Taiwan
1016
+14
🇨🇳 Huns · China
1009
+14
🇨🇳 Ethiopians · China
963
+16
🇦🇺 Italians · Australia
1000
-17
🇦🇺 Jurchens · Australia
955
-14
🇦🇺 Celts · Australia
938
-13
温州谷志豪
13:11 Feudal Age
13:55 Double-Bit Axe
23:42 Castle Age
21:42 Horse Collar
22:04 Fletching
22:47 Gold Mining
23:19 Padded Archer Armor
24:51 Thumb Ring
24:46 Bodkin Arrow
26:43 Bloodlines
29:45 Bow Saw
30:28 Gold Shaft Mining
30:18 Stone Mining
34:26 Wheelbarrow
35:58 Hand Cart
35:32 Town Watch
37:48 Husbandry
38:57 Town Patrol
42:46 Imperial Age
42:53 Cavalier
43:53 Forging
43:50 Scale Barding Armor
44:56 Paladin
50:01 Chain Barding Armor
50:17 Iron Casting
49:38 Loom
52:48 Two-Man Saw
老鼠踢皮球
12:44 Feudal Age
12:45 Loom
12:47 Man-at-Arms
15:21 Double-Bit Axe
22:05 Horse Collar
25:32 Castle Age
24:00 Loom
25:14 Fletching
26:38 Forging
26:34 Scale Barding Armor
28:38 Iron Casting
29:04 Bow Saw
30:53 Husbandry
34:40 Heavy Plow
35:41 Scale Mail Armor
36:04 Chain Barding Armor
36:15 Herbal Medicine
37:33 Wheelbarrow
41:20 Hand Cart
45:43 Imperial Age
46:10 Gold Mining
46:10 Stone Mining
46:48 Conscription
47:59 Hoardings
47:07 Elite Iron Pagoda
47:12 Light Cavalry
49:46 Blast Furnace
49:28 Plate Barding Armor
49:08 Bloodlines
49:18 Fortified Bastions
老鱼~
15:14 Feudal Age
16:54 Double-Bit Axe
17:04 Stone Mining
18:01 Gold Mining
18:02 Fishing Lines
18:06 Horse Collar
20:43 Castle Age
19:25 Forging
21:21 Wheelbarrow
22:22 Iron Casting
21:47 Scale Mail Armor
22:02 Bow Saw
21:50 Gillnets
24:52 Gold Shaft Mining
24:35 Heavy Plow
41:34 Imperial Age
41:32 Hand Cart
44:08 Town Watch
46:01 Conscription
45:08 Cavalier
45:50 Husbandry
45:39 Light Cavalry
46:31 Scale Barding Armor
48:09 Chain Barding Armor
50:40 Two-Man Saw
49:43 Crossbowman
50:54 Arbalester
51:40 Thumb Ring
Big J
5:33 Loom
12:53 Feudal Age
13:27 Double-Bit Axe
24:11 Castle Age
22:28 Fishing Lines
23:43 Horse Collar
27:55 Fletching
28:13 Scale Barding Armor
28:19 Forging
28:26 Gillnets
30:38 Wheelbarrow
30:11 Husbandry
31:54 Iron Casting
31:40 Chain Barding Armor
32:21 Crossbowman
33:08 Padded Archer Armor
33:17 Fletching
33:31 Padded Archer Armor
34:19 Thumb Ring
34:29 Gold Mining
35:18 Hand Cart
36:47 Bodkin Arrow
36:53 Pikeman
42:09 Imperial Age
40:03 Ballistics
42:20 Arbalester
42:52 Capped Ram
NaughtyBoy
3:33 Loom
13:47 Feudal Age
14:19 Man-at-Arms
14:56 Double-Bit Axe
17:51 Forging
19:27 Scale Mail Armor
21:49 Castle Age
20:45 Horse Collar
20:50 Fishing Lines
23:10 Bow Saw
23:44 Heavy Plow
25:04 Elite Skirmisher
26:14 Gillnets
26:49 Gambesons
27:14 Long Swordsman
31:34 Pikeman
35:27 Iron Casting
35:09 Chain Mail Armor
38:53 Wheelbarrow
39:39 Scale Barding Armor
42:16 Hand Cart
46:19 Imperial Age
43:57 Gold Mining
46:25 Elite Woad Raider
46:55 Capped Ram
48:31 Plate Mail Armor
49:43 Siege Ram
Sample Text
5:45 Loom
13:58 Feudal Age
15:10 Double-Bit Axe
17:25 Gold Mining
19:37 Fishing Lines
22:36 Castle Age
20:29 Fletching
22:22 Padded Archer Armor
23:00 Crossbowman
24:54 Bodkin Arrow
25:30 Bow Saw
25:25 Pikeman
48:52 Wheelbarrow
51:35 Squires
51:22 Gambesons
Connection lost

Rejoining the realm…

Still unreachable

The connection could not be restored.

Session expired

The server has moved on; the page needs a fresh start.